 Dungeon Crawl Stone Soup version 0.29.0-10-g45618ea6d2 (webtiles) character file.

Game seed: 7885061406355502076

8359 browni3141 the Basher (level 11, -2/123 HPs)
             Began as an Ogre Enchanter on Sept 1, 2022.
             Was an Elder of Okawaru.
             Slain by a two-headed ogre
             ... wielding a +0 giant spiked club
              (29 damage)
             ... on level 10 of the Dungeon.
             The game lasted 00:37:26 (18712 turns).

browni3141 the Basher (Ogre Enchanter)             Turns: 18712, Time: 00:37:27

Health: -2/123     AC:  8    Str: 18    XL:     11   Next: 29%
Magic:  15/15      EV: 10    Int: 16    God:    Okawaru [****..]
Gold:   672        SH:  0    Dex:  9    Spells: 14/16 levels left

rFire   + . .      SeeInvis .   I - +2 morningstar (venom)
rCold   + . .      Faith    .   (no shield)
rNeg    + . .      Spirit   .   J - +0 acid dragon scales
rPois   .          Reflect  .   (helmet restricted)
rElec   .          Harm     .   y - scarf {rC+ rF+}
rCorr   +          Rampage  .   (gloves unavailable)
Will    +....                   (boots unavailable)
Stlth   +++.......              r - amulet of magic regeneration
HPRegen 0.30/turn               N - ring of positive energy
MPRegen 0.54/turn               L - ring of flight

@: heroic, flying, hasted and slowed
A: large, unfitting armour, tough skin 1
a: Renounce Religion, Heroism, Finesse


You were on level 10 of the Dungeon.
You worshipped Okawaru.
Okawaru was greatly pleased with you.
You visited 2 branches of the dungeon, and saw 11 of its levels.
You also visited: Ossuary and Bailey.

You collected 672 gold pieces.


Innate Abilities, Weirdness & Mutations

You are too large for most types of armour.
You have tough skin. (AC +1)


   Skills:
 - Level 12.0(17.0) Fighting
 - Level 0.8(5.8) Short Blades
 - Level 12.5(17.5) Maces & Flails
 - Level 3.0(8.0) Throwing
 - Level 1.7(6.7) Dodging
 - Level 2.1(7.1) Stealth
 - Level 3.0 Spellcasting
 - Level 2.6 Hexes
 - Level 1.0 Ice Magic
 * Level 2.8 Invocations


You had 14 spell levels left.
You knew the following spells:

 Your Spells              Type           Power      Damage    Failure   Level
z - Ensorcelled Hibernat  Hex/Ice        16%        N/A       17%         2

Your spell library contained the following spells:

 Spells                   Type           Power      Damage    Failure   Level
 Slow                     Hex            44%        N/A       8%          1
 Confusing Touch          Hex            11%        N/A       24%         3
 Passwall                 Tmut/Erth      1%         N/A       34%         2
 Scorch                   Fire           4%         2d5       34%         2
 Dazzling Flash           Conj/Hex       12%        N/A       38%         3
 Portal Projectile        Hex/Tloc       12%        N/A       38%         3
 Ozocubu's Armour         Ice            5%         N/A       43%         3
 Gell's Gravitas          Tloc           2%         N/A       56%         3
 Spider Form              Tmut/Pois      2%         N/A       56%         3
 Swiftness                Air            2%         N/A       56%         3
 Teleport Other           Tloc           2%         N/A       56%         3
 Vampiric Draining        Necr           2%         2d6       56%         3
 Anguish                  Hex/Necr       3%         N/A       80%         4
 Flame Wave               Conj/Fire      2%         2d4       93%         4
 Iskenderun's Mystic Bla  Conj/Tloc      2%         2d3       93%         4
 Blade Hands              Tmut           1%         N/A       100%        5
 Dispersal                Tloc           1%         N/A       100%        6
 Starburst                Conj/Fire      1%         6d3       100%        6
 Ozocubu's Refrigeration  Ice            2%         4d8       100%        7
 Tukima's Dance           Hex            Unusable   N/A       N/A         3
 Summon Cactus Giant      Summ           Unusable   N/A       N/A         6

Inventory:

Hand Weapons
 I - a +2 morningstar of venom (weapon)
Missiles
 f - 4 boomerangs (quivered)
 B - 4 silver javelins
 C - 10 poisoned darts {@f3}
 F - 5 curare-tipped darts {@f4}
 H - a javelin
Armour
 b - a +0 robe
 y - a scarf of resistance (worn)
 J - +0 acid dragon scales (worn)
Jewellery
 r - an amulet of magic regeneration (around neck)
 L - a ring of flight (right hand)
 N - a ring of positive energy (left hand)
Wands
 p - a wand of polymorph (5)
Scrolls
 c - a scroll of blinking {@r3}
 d - 3 scrolls of noise {!r}
 h - 5 scrolls of teleportation {@r4}
 j - 3 scrolls of magic mapping
 o - 2 scrolls of fear
 t - a scroll of immolation {!r}
 u - a scroll of brand weapon {unknown}
 v - a scroll of amnesia
 w - a scroll of enchant weapon
 x - a scroll of silence {unknown}
 A - a scroll of vulnerability {!r}
 D - a scroll of enchant armour
Potions
 g - 5 potions of lignification {!q}
 i - a potion of curing {@q1}
 n - a potion of resistance
 q - 4 potions of brilliance
 z - 2 potions of attraction {!q}
 G - a potion of might
 K - a potion of mutation {unknown}

Dungeon Overview and Level Annotations

Branches:
Dungeon (10/15)            Temple (1/1) D:5             Orc (0/2) D:9
Ossuary (visited)          Bailey (visited)
   Lair: D:8-11

Altars:
Ashenzari
Cheibriados
Elyvilon
Fedhas
Gozag
Hepliaklqana
Kikubaaqudgha
Makhleb
Nemelex Xobeh
Okawaru
Qazlal
Ru
Sif Muna
Trog
Uskayaw
Vehumet
Wu Jian
Xom
Yredelemnul
Zin
The Shining One

Annotations:
D:3 3 runed translucent doors, Splishie's ghost, weakling KoEn; Splishie's ghost, weakling SpAr; VardenPike's ghost, amateur OpCj
D:5 1 runed translucent door, Crazy Yiuf
D:7 exclusion: downstairs
D:8 Psyche

## ### # ...... .....#.
##. ##.#.. ......
..##..#.###### ##....#
#...........# .....#( #
#......!....# #....#. ...
#$..........# #....#.
....#....@......#.##....#.
......#.O#........##...)..
..............#####......#
.......†.......#.........#
....##...........######).#
... #...........# #.<## ..
............## #..#
.............# ....#
.....)........# #.###.#


You could see a two-headed ogre.


Message History

Okawaru accepts your kill.
A two-headed ogre comes into view.
It is wielding a +0 giant spiked club and a +0 giant club.
The wraith hits you.
* * * LOW HITPOINT WARNING * * *
The wraith drains your vigour!
You feel as though you will be slow longer.
You barely miss the wraith. The wraith barely misses you.
The two-headed ogre shouts in stereo!
You bludgeon the wraith!! You punch the wraith.
The wraith is heavily damaged.
The wraith barely misses you.
You hit the wraith.
The wraith is severely damaged.
You are no longer corroded.
The wraith hits you but does no damage.
You hit the wraith but do no damage.
The wraith is severely damaged.
The wraith hits you but does no damage.
You thump the wraith!
You destroy the wraith!
Okawaru accepts your kill.
The two-headed ogre attacks as you move away!
The two-headed ogre hits you with a +0 giant spiked club!!
* * * LOW HITPOINT WARNING * * *
The two-headed ogre hits you with a +0 giant club!
* * * LOW HITPOINT WARNING * * *
Unknown command.
You feel yourself speed up.
The two-headed ogre hits you with a +0 giant spiked club!!
You die...

Skill      XL: |  1  2  3  4  5  6  7  8  9 10 11 |
---------------+----------------------------------+-----
Fighting       | 2 3 8 10 12 | 12.0
Ice Magic      | 1 |  1.0
Spellcasting   | 3 |  3.0
Maces & Flails | 2 3 4 5 7 10 11 12 | 12.5
Throwing       | 2 3 |  3.0
Invocations    | 2 |  2.8
Short Blades   | |  0.8
Dodging        | |  1.7
Stealth        | |  2.1
Hexes          | |  2.6

Action                   |  1- 3 |  4- 6 |  7- 9 | 10-12 || total
-------------------------+-------+-------+-------+-------++-------
Melee: Dagger            |    84 |       |       |       ||    84
       Whip              |   119 |    91 |       |       ||   210
       Punch             |     2 |     2 |     4 |     5 ||    13
       Hand axe          |       |    62 |    89 |       ||   151
       Flail             |       |       |   182 |   105 ||   287
       Morningstar       |       |       |       |   153 ||   153
Throw: Dart              |     2 |    10 |    23 |     2 ||    37
       Boomerang         |       |       |    15 |    41 ||    56
       Javelin           |       |       |     6 |    14 ||    20
 Cast: Ensorcelled Hiber |    17 |     6 |     7 |       ||    30
Invok: Heroism           |       |       |     6 |    13 ||    19
Evoke: Wand              |       |       |       |     1 ||     1
  Use: Scroll            |     1 |     3 |     3 |     6 ||    13
       Potion            |     1 |    11 |     5 |     7 ||    24
 Stab: Sleeping          |    13 |     5 |     2 |       ||    20
       Distracted        |       |     1 |       |       ||     1
Armor: Robe              |    91 |    38 |    42 |    10 ||   181
       Skin              |       |    82 |     3 |       ||    85
       Acid dragon scale |       |       |       |    34 ||    34
Dodge: Dodged            |   103 |    97 |   100 |   103 ||   403

Levels and vault maps discovered:
D:1:      elethiomel_arrival_shortcut, layout_loops_cross,
          shapermc_ecumenical_altar_acropolis, minmay_tetromino_o4
D:2:      layout_basic, serial_undead, serial_undead_e, serial_undead_d,
          serial_undead_c, serial_undead_d, serial_undead_c
D:3:      layout_loops_ring, gammafunk_ghost_cemetery, minmay_starry_boxes
D:4:      layout_loops_ring, gammafunk_temple_overflow_wave,
          nicolae_ossuary_entry_catacombs, uniq_edmund, uniq_pikel
D:5:      layout_basic, mainiacjoe_overflow_small_starburst,
          minmay_temple_entry_mini_moons, uniq_crazy_yiuf_cottage, uniq_sigmund
D:6:      layout_rooms, minmay_fractal_squares_gapless_5, uniq_duvessa
D:7:      layout_cave_pools, nicolae_overflow_hidden_temple, hex_large,
          dreamdust_princess_bridge, grunt_ministairs_2
D:8:      layout_loops_ring, minivault_4, uniq_joseph, uniq_psyche
D:9:      layout_loops_ring, gammafunk_temple_overflow_elements, orc_david_3,
          enter_bailey_4, kennysheep_generic_room_9
D:10:     layout_rooms
Temple:   regret_index_temple_sphere_string

Notes
Turn   | Place    | Note
-------+----------+-------------------------------------------
     0 | D:1      | browni3141 the Ogre Enchanter began the quest for the Orb.
     0 | D:1      | Reached XP level 1. HP: 16/16 MP: 3/3
    64 | D:1      | Reached skill level 1 in Fighting
   164 | D:1      | Reached skill level 2 in Fighting
   164 | D:1      | Reached XP level 2. HP: 8/28 MP: 5/5
   416 | D:1      | Learned a level 2 spell: Ensorcelled Hibernation
   421 | D:1      | Found a faded altar of an unknown god.
  1309 | D:2      | Reached XP level 3. HP: 31/35 MP: 7/7
  1344 | D:2      | Reached skill level 1 in Ice Magic
  1590 | D:2      | Reached skill level 3 in Spellcasting
  2012 | D:2      | Reached skill level 1 in Maces & Flails
  3211 | D:2      | Reached skill level 2 in Maces & Flails
  3211 | D:2      | Reached XP level 4. HP: 26/42 MP: 8/8
  4603 | D:3      | Identified the +6 hand axe "Worm" {freeze, rC+}
  4610 | D:3      | Identified a scarf of resistance
  4700 | D:3      | Found a runed translucent gate.
  4701 | D:3      | Found a runed translucent gate.
  4701 | D:3      | Found a runed translucent gate.
  4702 | D:3      | Noticed Splishie's ghost (weakling SpAr)
  4702 | D:3      | Noticed Splishie's ghost (weakling KoEn)
  4702 | D:3      | Noticed VardenPike's ghost (amateur OpCj)
  4797 | D:3      | Reached skill level 3 in Maces & Flails
  4797 | D:3      | Reached XP level 5. HP: 46/49 MP: 9/9
  5451 | D:4      | Noticed Edmund
  5472 | D:4      | HP: 4/49 [Edmund/+1 vorpal flail (1)]
  5476 | D:4      | Killed Edmund
  5477 | D:4      | Reached skill level 4 in Maces & Flails
  5477 | D:4      | Reached XP level 6. HP: 12/57 MP: 5/10
  5495 | D:4      | Noticed Pikel
  5508 | D:4      | HP: 5/57 [lemure[Pikel] (6)]
  5630 | D:4      | Found a sand-covered staircase.
  5649 | D:4      | Reached skill level 5 in Maces & Flails
  5881 | Ossuary  | Entered an ossuary
  5899 | Ossuary  | Reached XP level 7. HP: 65/65 MP: 11/11
  5902 | Ossuary  | Reached skill level 6 in Maces & Flails
  6097 | Ossuary  | Identified 2 potions of resistance
  6723 | D:4      | HP: 4/65 [Pikel/+0 whip of freezing (6)]
  7173 | D:5      | Entered Level 5 of the Dungeon
  7195 | D:5      | Found a shimmering blue altar of Sif Muna.
  7209 | D:5      | Noticed Sigmund
  7347 | D:5      | Reached skill level 7 in Maces & Flails
  7403 | D:5      | Reached skill level 1 in Throwing
  7558 | D:5      | Found a staircase to the Ecumenical Temple.
  7574 | Temple   | Entered the Ecumenical Temple
  7729 | Temple   | Became a worshipper of Warmaster Okawaru
  8130 | D:6      | Noticed Duvessa
  8130 | D:6      | Noticed Dowan
  8437 | D:5      | Reached skill level 2 in Throwing
  8451 | D:5      | HP: 2/66 [phantom (5)]
  8793 | D:5      | Found a runed translucent door.
  8794 | D:5      | Noticed Crazy Yiuf
  8983 | D:5      | Reached skill level 3 in Fighting
  8983 | D:5      | Reached XP level 8. HP: 65/75 MP: 12/12
  9086 | D:6      | Reached skill level 3 in Throwing
  9464 | D:4      | Reached skill level 4 in Fighting
 10144 | D:4      | HP: 6/78 [Pikel/+0 whip of freezing (2)]
 10151 | D:4      | Killed Pikel
 10151 | D:4      | Reached * piety under Okawaru
 10152 | D:4      | Reached skill level 7 in Fighting
 10549 | D:4      | Found a shimmering altar of Xom.
 10549 | D:4      | Found a snail-covered altar of Cheibriados.
 10601 | D:5      | Reached skill level 8 in Fighting
 10627 | D:5      | Killed Sigmund
 10628 | D:5      | Reached XP level 9. HP: 93/96 MP: 10/13
 11039 | D:6      | Reached ** piety under Okawaru
 11040 | D:6      | Reached skill level 8 in Maces & Flails
 11355 | D:6      | Identified the +2 helmet of Marbles {Dex+2}
 11684 | D:6      | Killed Duvessa
 11700 | D:6      | Killed Dowan
 12441 | D:7      | Reached skill level 9 in Maces & Flails
 13154 | D:8      | Noticed a boulder beetle
 13173 | D:8      | Killed a boulder beetle
 13173 | D:8      | Reached *** piety under Okawaru
 13174 | D:8      | Reached skill level 10 in Maces & Flails
 13174 | D:8      | Reached skill level 10 in Fighting
 13174 | D:8      | Reached XP level 10. HP: 104/110 MP: 14/14
 13198 | D:8      | Noticed Joseph
 13216 | D:8      | HP: 5/110 [Joseph/sling bullet (15)]
 13925 | D:8      | Identified a +1 robe of resistance
 13925 | D:8      | Noticed Psyche
 13960 | D:8      | Killed Joseph
 13961 | D:8      | Reached skill level 11 in Fighting
 15538 | D:9      | Reached skill level 12 in Fighting
 15628 | D:9      | Found a staircase to the Orcish Mines.
 15727 | D:9      | Found a flagged portal.
 16111 | Bailey   | Entered a bailey
 16300 | Bailey   | Received a gift from Okawaru
 16611 | Bailey   | Reached skill level 11 in Maces & Flails
 16756 | Bailey   | Noticed a two-headed ogre
 16757 | Bailey   | a two-headed ogre changed into a dream sheep
 16976 | D:9      | Reached **** piety under Okawaru
 16997 | D:9      | Found a bloodstained altar of Trog.
 16997 | D:9      | Found a glowing silver altar of Zin.
 17043 | D:9      | Reached XP level 11. HP: 84/123 MP: 15/15
 17506 | D:9      | Reached skill level 12 in Maces & Flails
 17914 | D:9      | HP: 5/123 [yak (13)]
 17915 | D:9      | HP: 2/123 [yak (12)]
 18446 | D:10     | Entered Level 10 of the Dungeon
 18463 | D:10     | Reached skill level 1 in Invocations
 18700 | D:10     | Reached skill level 2 in Invocations
 18704 | D:10     | Noticed a two-headed ogre
 18712 | D:10     | Slain by a two-headed ogre

Vanquished Creatures
  A boulder beetle (D:8)
  Pikel (D:4)
  Joseph (D:8)
  A troll (D:9)
  A dream sheep (Bailey)
  Sigmund (D:5)
  5 spriggans (Bailey)
  3 wraiths
  6 yaks (D:9)
  2 wyverns
  3 steam dragons
  Edmund (D:4)
  2 acid dragons (D:10)
  Duvessa (D:6)
  2 orc warriors (D:9)
  2 black bears
  3 ogres (Bailey)
  A phantom (D:5)
  A centaur (D:6)
  3 lemures (D:4)
  A kobold brigand (D:10)
  3 bullfrogs
  2 elf skeletons (D:4)
  2 gnoll sergeants (D:7)
  2 necrophages
  A scorpion (D:6)
  10 wights
  Dowan (D:6)
  5 centaur zombies (Ossuary)
  3 howler monkeys
  3 gnoll boudas
  A human zombie (D:4)
  2 hounds (D:5)
  3 orc priests
  3 jellies
  An iguana (D:5)
  3 orc wizards
  4 mummies (Ossuary)
  A howler monkey zombie (D:2)
  23 gnolls
  10 adders
  3 white imps
  An adder skeleton (D:2)
  6 worms
  2 dart slugs
  17 orcs
  10 bats
  A bat skeleton (D:2)
  A bat zombie (D:2)
  7 endoplasms
  5 giant cockroaches
  12 goblins
  5 hobgoblins
  A jackal (D:3)
  A quokka (D:2)
  7 ball pythons
  A ball python skeleton (D:2)
  3 frilled lizards (D:1)
  2 hobgoblin zombies (Ossuary)
  A jackal zombie (D:2)
  9 kobolds
  2 orc skeletons (D:4)
  An orc zombie (D:4)
  3 rats
226 creatures vanquished.

Vanquished Creatures (others)
  4 fungi (D:5)
  A withered plant (D:2)
5 creatures vanquished.

Grand Total: 231 creatures vanquished

Table legend: (Time is in decaauts)
 A = Elapsed time spent in this place.
 B = Non-inter-level travel time spent in this place.
 C = Inter-level travel time spent in this place.
 D = Time resting spent in this place.
 E = Time spent auto-exploring this place.
 F = Levels seen in this place.
 G = Mean time per level.
                   A        B        C        D        E       F      G
               +--------+--------+--------+--------+--------+-----+--------+
         Total |  18706 |  17939 |    767 |   5238 |   9234 |  13 | 1438.9 |
       Dungeon |  17568 |  16828 |    740 |   4856 |   8743 |  10 | 1756.8 |
        Temple |    168 |    141 |     27 |      0 |    126 |   1 |  168.0 |
       Ossuary |    227 |    227 |      0 |    138 |     33 |   1 |  227.0 |
        Bailey |    741 |    741 |      0 |    244 |    332 |   1 |  741.0 |
               +--------+--------+--------+--------+--------+-----+--------+

Top non-repeatable levels by time:
     D:4: 2895 daAuts
     D:2: 2270 daAuts
     D:9: 2257 daAuts
     D:1: 2082 daAuts
     D:5: 1789 daAuts
     D:7: 1603 daAuts
     D:6: 1601 daAuts
     D:8: 1583 daAuts
     D:3: 1202 daAuts
  Bailey: 741 daAuts
    D:10: 284 daAuts
 Ossuary: 227 daAuts
  Temple: 168 daAuts

Table legend:
 A = Non-vault XP
 B = Vault XP
 C = Vault XP percentage of total XP
 D = Non-vault monster count
 E = Vault monster count
 F = Vault count percentage of total count
                 A         B        C        D         E       F
            +---------+---------+-------+---------+---------+-------
      Total |    7259 |    4683 |  39.2 |     162 |      61 |  27.4
            +---------+---------+-------+---------+---------+-------
        D:1 |      25 |       8 |  24.2 |      15 |       4 |  21.1
        D:2 |      68 |      27 |  28.4 |      23 |       6 |  20.7
        D:3 |      35 |      14 |  28.6 |      12 |       5 |  29.4
        D:4 |     211 |    1035 |  83.1 |      12 |       8 |  40.0
        D:5 |     336 |     231 |  40.7 |      10 |       1 |   9.1
        D:6 |     460 |     358 |  43.8 |      14 |       4 |  22.2
        D:7 |     861 |      84 |   8.9 |      18 |       1 |   5.3
        D:8 |    1711 |     450 |  20.8 |      25 |       1 |   3.8
        D:9 |    2672 |     285 |   9.6 |      23 |      10 |  30.3
       D:10 |     880 |       0 |   0.0 |      10 |       0 |   0.0
    Ossuary |       0 |     306 | 100.0 |       0 |      11 | 100.0
     Bailey |       0 |    1885 | 100.0 |       0 |      10 | 100.0
            +---------+---------+-------+---------+---------+-------
